Cogmind - Beta 10.2 @@@ ROGUE MODE // 2021.10.30 @ 00:49:43 Player: art-hropod Result: Self-destructed Performance ------------- Evolutions (1) 500 Regions Visited (3) 600 Robots Destroyed (33) 165 Value Destroyed (786) 786 Prototype IDs (0) 0 Alien Tech Used (0) 0 Bonus (11) 11 TOTAL SCORE: 2062 Bonus ------- High Alert Combat Kills 11 Cogmind --------- Core Integrity 229/400 Matter 79/300 Energy 100/100 System Corruption 0% Temperature Cool (0) Movement Walking (120) Location -9/Storage Parts ------- > --- POWER (1) -------- (None) > --- PROPULSION (3) --- Aluminum Leg > --- UTILITY (3) ------ System Shield > --- WEAPON (2) ------- Mini Grenade Launcher > --- INVENTORY (4) ---- Improved Ion Engine Compact Wheel Advanced Sensor Array Peak State ------------ > --- POWER ------------ Light Nuclear Core > --- PROPULSION ------- Aluminum Leg Aluminum Leg Aluminum Leg > --- UTILITY ---------- Advanced Sensor Array Advanced Sensor Array System Shield > --- WEAPON ----------- Missile Launcher Missile Launcher > --- INVENTORY -------- Light Ion Engine Aluminum Leg Mini Grenade Launcher Missile Launcher [Rating: 21] Favorites ----------- Power Light Nuclear Core Engine Light Ion Engine Power Core Light Nuclear Core Propulsion Aluminum Leg Leg Aluminum Leg Utility Improved Terrain Scanner Device Improved Terrain Scanner Hackware System Shield Protection Power Shielding Weapon Mini Grenade Launcher Energy Gun Small Laser Energy Cannon Light EM Pulse Cannon Ballistic Gun Assault Rifle Launcher Mini Grenade Launcher Build | -11 -10 -9 -9 ------- Run | Scr Mat Mat Sto Slots Evolved 2 | . . 2 . Power . | . . . . Propulsion 1 | . . 1 . Utility 1 | . . 1 . Weapon . | . . . . Parts Attached 37 | 9 2 15 11 Power 7 | 3 1 . 3 Engine 6 | 3 . . 3 Core 1 | . 1 . . Reactor . | . . . . Propulsion 8 | 2 1 2 3 Treads . | . . . . Leg 8 | 2 1 2 3 Wheel . | . . . . Hover . | . . . . Flight . | . . . . Utility 7 | 1 . 6 . Device 5 | 1 . 4 . Storage . | . . . . Processor . | . . . . Hackware 1 | . . 1 . Protection 1 | . . 1 . Artifact . | . . . . Weapon 15 | 3 . 7 5 Energy Gun 2 | 1 . 1 . Energy Cannon 3 | . . 3 . Ballistic Gun 2 | 2 . . . Ballistic Cannon . | . . . . Launcher 8 | . . 3 5 Special Weapon . | . . . . Impact Weapon . | . . . . Slashing Weapon . | . . . . Piercing Weapon . | . . . . Special Melee Weapon . | . . . . Unidentified Prototypes . | . . . . Parts Lost 6 | . . . 6 Power 1 | . . . 1 Propulsion 1 | . . . 1 Utility 1 | . . . 1 Weapon 3 | . . . 3 Highest Loss Streak 6 | . . . 6 Average Slot Usage (%) 79 | . 84 90 60 Engine 1 | . 8 . . Core 7 | . 4 11 5 Leg 25 | . 28 33 13 Device 16 | . 14 18 13 Hackware 4 | . . . 11 Protection 2 | . . 5 . Energy Gun 4 | . 14 3 . Energy Cannon 4 | . . 9 . Ballistic Gun 2 | . 14 . . Launcher 9 | . . 7 16 Naked Turns . | . . . . Heaviest Build 19 | 7 9 19 19 Greatest Support 30 | 20 20 30 30 Greatest Overweight (x) 2 | . . . 2 Average Overweight (x) . | . . . . Largest Inventory Capacity 4 | 4 4 4 4 Average Capacity 4 | 4 4 4 4 Most Carried 4 | 4 4 4 4 Average Carried 3 | 2 3 3 2 Final Capacity 4 | 4 4 4 4 Final Carried 4 | 4 4 4 3 Class Distribution -------------------- 63% | Mutant 36% | Scavenger-Mutant Dominant Class ---------------- Mutant | -10/Materials Scavenger-Mutant | -9/Materials Mutant | -9/Storage Resources | -11 -10 -9 -9 ----------- Run | Scr Mat Mat Sto Matter Collected 631 | 314 50 171 96 Remotely . | . . . . Salvage Created 864 | 89 100 365 310 Parts 65 | 5 5 38 17 Haulers Intercepted . | . . . . Recyclers Shooed . | . . . . Parts Field Recycled . | . . . . Retrieved Matter . | . . . . Parts Self-Destructed . | . . . . Prevented . | . . . . Kills | -11 -10 -9 -9 ------- Run | Scr Mat Mat Sto Combat Hostiles Destroyed 23 | 1 2 12 8 Guns 6 | 1 2 3 . Cannons 4 | . . 4 . AOE 13 | . . 5 8 Classes Destroyed 9 | 3 . 3 3 Worker 2 | 1 . 1 . Builder 1 | . . . 1 Tunneler 2 | 2 . . . Recycler 2 | . . . 2 Operator 1 | . . . 1 Watcher 2 | . . 2 . Swarmer 7 | . . 7 . Grunt 11 | 1 2 2 6 Sentry 5 | . . 3 2 Best Kill Streak 11 | 3 1 5 11 Combat Bots Only 7 | 1 1 4 7 Max Kills in Single Turn 4 | 1 1 2 4 Gunslinging . | . . . . Exploded 2 | . . 2 2 Melee . | . . . . Uniques/NPCs Destroyed . | . . . . Combat | -11 -10 -9 -9 -------- Run | Scr Mat Mat Sto Damage Taken 980 | 43 149 325 463 Core 218 | 11 36 29 142 Absorbed by Shields . | . . . . Core Remaining (%) 88 | 95 81 . . Volleys Fired 56 | 8 10 24 14 Largest 2 | 2 2 2 2 Hottest 101 | 60 60 101 72 Shots Fired 79 | 11 20 31 17 Gun 38 | 11 20 7 . Cannon 20 | . . 20 . Launcher 21 | . . 4 17 Special . | . . . . Kinetic 18 | 8 10 . . Thermal 21 | 3 10 8 . Explosive 21 | . . 4 17 Electromagnetic 19 | . . 19 . Robot Hit Streak 11 | 4 11 5 8 Robot Miss Streak 3 | 2 2 3 1 Penetration Max . | . . . . Secondary Targets . | . . . . Shots Hit Robots 43 | 6 13 18 6 Core Hits 43 | 5 5 15 18 Critical Hits 1 | . . 1 . Critical Kills 1 | . . 1 . Critical Parts Destroyed . | . . . . Melee Attacks . | . . . . Impact . | . . . . Slashing . | . . . . Piercing . | . . . . Sneak Attacks . | . . . . Combat Hostiles . | . . . . Follow-up Attacks . | . . . . Damage Inflicted 2008 | 73 167 740 1028 Guns 307 | 73 167 67 . Cannons 197 | . . 197 . Explosions 1504 | . . 476 1028 Melee . | . . . . Ramming . | . . . . Kinetic 124 | 50 74 . . Thermal 200 | 23 93 84 . Explosive 1504 | . . 476 1028 Electromagnetic 180 | . . 180 . Impact . | . . . . Slashing . | . . . . Piercing . | . . . . Highest Corruption . | . . . . Average Corruption . | . . . . Corruption Purged . | . . . . Overload Shots . | . . . . Overflow Damage 24 | . . . 24 Projectiles . | . . . . Explosions 24 | . . . 24 Melee . | . . . . Knockbacks . | . . . . Impact . | . . . . Kinetic . | . . . . Secondary . | . . . . Self-Inflicted Damage 60 | . . 48 12 Shots 2 | . . 1 1 Rammed . | . . . . Targets Rammed . | . . . . Kicked . | . . . . Crushed . | . . . . Highest Temperature 216 | . 54 216 35 Average Temperature 58 | . 23 91 13 Received Heat Transfer 339 | 24 84 33 198 Siege Activations . | . . . . Robots Corrupted . | . . . . Combat Hostiles . | . . . . Parts Fried 1 | . . 1 . Impact Corruptions . | . . . . Robots Melted . | . . . . Combat Hostiles . | . . . . Parts Melted . | . . . . Heat Transferred 398 | 50 200 148 . Parts Sabotaged . | . . . . Parts Stolen . | . . . . Parts Stripped . | . . . . Power Chain Reactions . | . . . . Missiles Intercepted . | . . . . Alert | -11 -10 -9 -9 ------- Run | Scr Mat Mat Sto Peak Influence 406 | 35 89 406 400 Initial 170 | . 22 37 170 Average 195 | 10 51 247 292 Maximum Alert Level 2 | . . 2 2 Low Security (%) 47 | 100 100 35 11 Level 1 38 | . . 50 62 Level 2 13 | . . 14 25 Level 3 . | . . . . Level 4 . | . . . . Level 5 . | . . . . High Security . | . . . . Max Security . | . . . . Squads Dispatched 5 | . . 1 4 Investigation . | . . . . Extermination . | . . . . Reinforcement 2 | . . 1 1 Assault 2 | . . . 2 Garrison 1 | . . . 1 Intercept . | . . . . Construction Impeded . | . . . . Haulers Reinforced . | . . . . Stealth | -11 -10 -9 -9 --------- Run | Scr Mat Mat Sto Distress Signals 2 | . . 2 . Communications Jammed . | . . . . Distress Signals . | . . . . Times Spotted 36 | 1 3 18 14 Peak Tracking Total 8 | 1 4 4 8 Tactical Retreats 1 | . . . 1 Traps | -11 -10 -9 -9 ------- Run | Scr Mat Mat Sto Traps Triggered 3 | . . . 3 Indirectly . | . . . . Trap Hack Attempts . | . . . . Triggered . | . . . . Disarmed . | . . . . Reprogrammed . | . . . . Reused . | . . . . Traps Extracted . | . . . . Installed . | . . . . Triggered . | . . . . Machines | -11 -10 -9 -9 ---------- Run | Scr Mat Mat Sto Machines Disabled 1 | . . . 1 Max in Single Turn 1 | . . . 1 Machines Sabotaged . | . . . . Garrisons Compromised . | . . . . Overloaded Fab Kills . | . . . . Fab Network Shutdowns . | . . . . Hacking | -11 -10 -9 -9 --------- Run | Scr Mat Mat Sto Machines Accessed 1 | . 1 . . Terminals 1 | . 1 . . Fabricators . | . . . . Repair Stations . | . . . . Recycling Units . | . . . . Scanalyzers . | . . . . Garrison Access . | . . . . Total Hacks 1 | . 1 . . Successful 1 | . 1 . . Failed . | . . . . Catastrophic . | . . . . Database Lockouts . | . . . . Manual . | . . . . Terminals 1 | . 1 . . Fabricators . | . . . . Repair Stations . | . . . . Recycling Units . | . . . . Scanalyzers . | . . . . Garrison Access . | . . . . Terminal Hacks 1 | . 1 . . Record 1 | . 1 . . Fabricator Hacks . | . . . . Repair Station Hacks . | . . . . Recycling Unit Hacks . | . . . . Scanalyzer . | . . . . Garrison Access Hacks . | . . . . Unauthorized Hacks . | . . . . Terminals . | . . . . Fabricators . | . . . . Repair Stations . | . . . . Recycling Units . | . . . . Scanalyzers . | . . . . Garrison Access . | . . . . Data Cores Recovered . | . . . . Used . | . . . . Hacking Detections . | . . . . Full Trace Events . | . . . . Feedback Events . | . . . . Feedback Blocked . | . . . . Robot Schematics Acquired . | . . . . Robots Built . | . . . . Matter . | . . . . Time . | . . . . Total Robot Build Rating . | . . . . Part Schematics Acquired . | . . . . Parts Built . | . . . . Matter . | . . . . Time . | . . . . Total Part Build Rating . | . . . . Parts Repaired . | . . . . Time . | . . . . Parts Recycled . | . . . . Recycled Matter . | . . . . Retrieved Matter . | . . . . Retrieved Components . | . . . . Parts Scanalyzed . | . . . . Part Schematics Acquired . | . . . . Parts Damaged . | . . . . Bothacking | -11 -10 -9 -9 ------------ Run | Scr Mat Mat Sto Used RIF Installer . | . . . . Robots Hacked . | . . . . Non-combat . | . . . . Combat . | . . . . Robot Hacks Applied . | . . . . Relay Couplers Released . | . . . . Robots Rewired . | . . . . Allies Hacked . | . . . . Hacks Repelled . | . . . . Allies | -11 -10 -9 -9 -------- Run | Scr Mat Mat Sto Total Allies 2 | . . . 2 Largest Group 2 | . . . 2 Highest-Rated Group 62 | . . . 62 Highest-Rated Ally 31 | . . . 31 Total Orders . | . . . . Ally Attacks . | . . . . Total Damage . | . . . . Kills . | . . . . Allies Corrupted . | . . . . Allies Melted . | . . . . Intel | -11 -10 -9 -9 ------- Run | Scr Mat Mat Sto Robot Analysis Total . | . . . . Derelict Logs Recovered . | . . . . Drone Launches . | . . . . Drone Recoveries . | . . . . Exploration | -11 -10 -9 -9 ------------- Run | Scr Mat Mat Sto Turns Passed 894 | 122 151 362 259 Spaces Moved 568 | 84 95 223 166 Core 47 | 24 . . 23 Treads . | . . . . Legs 521 | 60 95 223 143 Wheels . | . . . . Hover . | . . . . Flight . | . . . . Fastest Speed 50 | 50 120 120 50 Average Speed 117 | 100 120 120 123 Slowest Speed 150 | 120 120 120 150 Overloaded Moves . | . . . . Propulsion Burnouts . | . . . . Robots Hopped . | . . . . Cave-ins Triggered . | . . . . Exploration Rate (%) 17 | 6 18 20 24 Regions Visited 3 Branch Regions 1 Pre-discovered Areas . | . . . . Known Exits Taken . | . . . . Unknown Exits Taken 3 | 1 1 1 . Scrap Searched . | . . . . Spaces Dug . | . . . . Terrain Destroyed 123 | . . 28 95 Melee . | . . . . Projectile . | . . . . AOE 123 | . . 28 95 Terrain Rammed . | . . . . Walls Destroyed . | . . . . Machines Disabled . | . . . . Actions | -11 -10 -9 -9 --------- Run | Scr Mat Mat Sto Total 713 | 110 114 289 200 Wait 6 | . 1 5 . Move 565 | 83 94 222 166 Hop . | . . . . Pick Up 28 | 8 3 11 6 Fast Attach 7 | 2 . 4 1 Attach 22 | 5 1 8 8 Detach 2 | 1 . . 1 Swap 8 | 2 1 3 2 Drop 19 | 1 4 12 2 Fire 56 | 8 10 24 14 Melee . | . . . . Ram . | . . . . Kick . | . . . . Crush . | . . . . Escape Stasis . | . . . . Rewire . | . . . . Trap . | . . . . Miscellaneous . | . . . . Route ------- -11/Scrapyard -10/Materials -9/Materials -9/Storage History --------- Turn | Location | Event 2 | -11/Scrapyard | Met Revision 17 69 | -11/Scrapyard | Discovered new exit (range 8) 123 | -11/Scrapyard | Entered Materials 192 | -10/Materials | Discovered new exit (range 10) 274 | -10/Materials | Entered another Materials area 274 | -9/Materials | Evolved 2 slots: Propulsion x1, Utility x1 565 | -9/Materials | Build established: Scavenger-Mutant 578 | -9/Materials | Discovered new exit (range 15) 636 | -9/Materials | Entered Storage 749 | -9/Storage | Garrison activated, responded to threat 817 | -9/Storage | Destroyed 7 combat bots 823 | -9/Storage | Lost 6 parts (1p1n1u3w) 885 | -9/Storage | Met a pair of Derelict thieves 895 | -9/Storage | Self-destructed Last Messages --------------- K-01 Serf collects debris. U-05 Engineer builds a Wall. The unstable cave ceiling collapses. K-01 Serf collects debris. U-05 Engineer lays Concrete. A pair of derelicts emerge from hiding: "Whew, we thought you were one of them, but you're obviously not! Quick, help us haul this stuff before they figure out we jammed the door open." Move into an ally to swap places with them. U-05 Engineer lays Concrete. K-01 Serf collects debris. U-05 Engineer lays Concrete. ALERT: Breach in storage area. Dispatching assault force. 9N-Y3M(g): "So much for stealth, let's take what we have and get out of here before it's too late." C-30 ARC bursts open, deploying its payload. G-47 Trooper unfolds itself. G-34 Mercenary unfolds itself. M-13 Machinist unfolds itself. Map ----- +----------------------------------------------------+ | ??# #??????????????????????????????????????????? | | ??# #??????????????????????????????????????????? | | ??+ +??????????????????????????????????????????? | | ??# #??????????????????????????????????????????? | | ??+ #??????????????????????????????????????????? | | ??# #??????????????????????????????????????????? | | ??# #??????????????????????????????????????????? | | ??# #??????????????????????????????????????????? | | ??# #??????????????????????????????????????????? | | ??# #??????????????????????????????????????????? | | ??# #??????????????????????????????????????????? | | ??# ##?????????????????????????????????????????? | | ??+ "#?????????????????????????????????????????? | | ??# T#???????????????????????""????????????????? | | ??# "#?????????????????????? """"??????????????? | | ??# ##?????????????????????? """"" ???????????? | | ??# #?????????????????????? ???????????? | | ??# #???????????########### ???????????? | | ??# #???????????#][[ ????????????? | | ??# #???????????#[[ "" ## |????????????? | | ??# #???????????#[[ " ### +###???????????? | | ??# ##""##?????## m g" # ??????????? | | ??# + T#?????#" gg ## ??????????? | | ?## # ##?????#T "%"g ## ??????????? | | ### ##?##??????#" "G" # # #??????????????? | | # # ###???????## " @ ##????????????????? | | # # ###???????# # ######?????????????? | | # ########## ##+### # !!#?????????????? | | # ! g" ! #?????????????? | | ## * !#?????????????? | | # #g " #?????????????? | | ## #######+## #%######T# !! #?????????????? | | ##### ##?????# T# # ### ! !#?????????????? | | ?#### #??????#"##### # #?######?????????????? | | ????# #????????????# # #????????????????????? | | ????# #????????????# # #????????????????????? | | ????# #????????????# % % # #????????????????????? | | ???## ##???????????# ###????????????????????? | | ???# #???????????# ###????????????????????? | | # T #???????????# #??????????????????????? | | #+## #???????????# #??????????????????????? | | ???#####???????????# #??????????????????????? | | ???????????????????# #??????????????????????? | | ???????????????????# #??????????????????????? | | ???????????????????# #??????????????????????? | | ????????????????????###+##???????????????????????? | | ?????????????????????????????????????????????????? | | ?????????????????????????????????????????????????? | | ?????????????????????????????????????????????????? | | ?????????????????????????????????????????????????? | +----------------------------------------------------+ Best States ------------- Heat Dissipation 38 Energy Generation 14 Energy Capacity 160 Matter Stores 300 Matter Capacity 300 Sight Range 16 Robot Scan Range 16 Terrain Scan Range 16 Terrain Scan Density 10 Power Shielding 33 Evasion (%) 50 Defensive Hacking 10 Item Schematics ----------------- None Robot Schematics ------------------ None Fabricated ------------ Nothing Alien Tech Used ----------------- None Achievements -------------- Crack Shot Troublemaker Uninvited Guest Challenges ------------ None Game ------ Seed MetafiberSpikedWell Manual? 0 Play Time 00:46:39 Cumulative 1.5 hours Start 2021.10.28 @ 20:17:34 End 2021.10.30 @ 00:49:43 Sessions 7 Manual Loads 0 Difficulty Rogue Special Mode None Game No. 2 Rogue 2 Adventurer 0 Explorer 0 Win Type - Total 0 Types 0/0/0/0/0/0/0/0/0 Lore% 0 Gallery% 2 Achievement% 1 Wizard Run 0 Options --------- ASCII 0 Keyboard 0 Movement Mouse Keybinds 0 Fullscreen 1 Font 32/SmallcapsGlow Map View 63x52 Tactical HUD 0 Map Filters NONE Filters NONE Steam 1 RUN: c3fbd77f-9afa-45b1-999a-f9db6ad80680